 Dungeon Crawl Stone Soup version 0.25.1-8-g42b30a86e7 (webtiles) character file.

Game seed: 16207349400377133513

196 Celery the Covered (level 5, 0/34 HPs)
             Began as a Gargoyle Fighter on Dec 24, 2020.
             Slain by Grinder (5 damage)
             ... on level 3 of the Dungeon.
             The game lasted 00:06:42 (3081 turns).

Celery the Covered (Gargoyle Fighter)               Turns: 3081, Time: 00:06:43

Health: 0/34       AC: 11    Str: 20    XL:     5   Next: 75%
Magic:  5/5        EV:  7    Int:  9    God:
Gold:   145        SH:  9    Dex:  9    Spells: 4/4 levels left

rFire    . . .     SeeInvis .   h - +3 whip
rCold    . . .     Gourm    .   c - +0 kite shield
rNeg     + . .     Faith    .   b - +0 scale mail
rPois    ∞         Spirit   .   (no helmet)
rElec    +         Reflect  .   (no cloak)
rCorr    .         Harm     .   (no gloves)
MR       .....                  (no boots)
Stlth    ..........             (no amulet)
HPRegen  0.11/turn              (no ring)
MPRegen  0.09/turn              (no ring)

@: no status effects
A: negative energy resistance 1, electricity resistance, unbreathing,
petrification resistance, rot immunity, AC +4
a: no special abilities


You were on level 3 of the Dungeon.
You were not hungry.

You visited 1 branch of the dungeon, and saw 3 of its levels.

You collected 145 gold pieces.

Inventory:

Hand Weapons
 a - a +0 flail
 h - a +3 whip (weapon)
Missiles
 m - 2 javelins (quivered)
Armour
 b - a +0 scale mail (worn)
 c - a +0 kite shield (worn)
Scrolls
 e - a scroll of blinking {unknown}
 g - 2 scrolls of remove curse {unknown}
 j - a scroll of magic mapping {unknown}
 k - 2 scrolls of noise {unknown}
 l - a scroll of fog {unknown}
 n - 3 scrolls of identify {unknown}
 r - a scroll of fear {unknown}
Potions
 d - a potion of might
 i - 2 potions of curing
 o - a potion of degeneration {unknown}
 q - a potion of flight {unknown}
Comestibles
 f - 5 rations
 p - 2 chunks of flesh


   Skills:
 + Level 4.4 Fighting
 + Level 3.3 Maces & Flails
 + Level 4.4 Armour
 + Level 4.4 Shields


You had 4 spell levels left.
You didn't know any spells.
Your spell library was empty.

Dungeon Overview and Level Annotations

Branches:
Dungeon (3/15)

Altars:

Annotations:
D:3 Grinder


Innate Abilities, Weirdness & Mutations

You are resistant to torment.
Your stone body is resilient. (AC +4)
You are immune to poison.
You resist negative energy. (rN+)
You are resistant to electric shocks. (rElec)
You can survive without breathing.
You are immune to petrification.
You are immune to rotting.


Message History

You whack Grinder!
Grinder is almost dead.
Grinder gestures at you. Pain shoots through your body!
* * * LOW HITPOINT WARNING * * *
You hit Grinder but do no damage.
Grinder is almost dead.
You block Grinder's attack.
You hit Grinder.
Grinder is almost dead.
Grinder closely misses you.
Your shield prevents you from hitting Grinder.
Grinder is almost dead.
Grinder hits you.
* * * LOW HITPOINT WARNING * * *
You hit Grinder but do no damage.
Grinder is almost dead.
The dart slug launches a dart at you. You block the slug dart.
Grinder hits you.
You die...

#.#.############
#.#.# #.#.# #
#.#.#
#.###.#.#####
#...........#
#..##.#.###.#
#.. #5#.# #..
#@#.# #.. #w#.#
#.. #.#.# ...
#.#.### ##.
#.#...# #.###.#
#.#.#.# #.#<..#
#####


You could see Grinder and a dart slug.

Vanquished Creatures
  An orc priest (D:3)
  An orc wizard (D:3)
  Terence (D:3)
  3 adders
  An ooze (D:3)
  4 worms
  2 dart slugs
  3 leopard geckos
  An orc (D:3)
  A giant cockroach (D:2)
  7 goblins
  10 hobgoblins
  6 jackals
  7 kobolds
  3 ball pythons
  5 bats
  2 frilled lizards (D:1)
  5 rats
63 creatures vanquished.

Notes
Turn   | Place    | Note
-------+----------+-------------------------------------------
     0 | D:1      | Celery the Gargoyle Fighter began the quest for the Orb.
     0 | D:1      | Reached XP level 1. HP: 14/14 MP: 1/1
   193 | D:1      | Reached XP level 2. HP: 19/19 MP: 2/2
   726 | D:1      | Reached XP level 3. HP: 16/23 MP: 3/3
  1904 | D:2      | Reached XP level 4. HP: 26/29 MP: 4/4
  2412 | D:3      | Reached XP level 5. HP: 9/33 MP: 5/5
  2725 | D:3      | Noticed Terence
  2739 | D:3      | Killed Terence
  3053 | D:3      | Noticed Grinder
  3063 | D:3      | Paralysed by Grinder for 5 turns
  3073 | D:3      | Paralysed by Grinder for 3 turns
  3081 | D:3      | Slain by Grinder

Illustrated notes

Levels and vault maps discovered:
D:1:      saegor_arrival_simple_b, layout_basic, dk_noncrumbling_4,
          minmay_misc_feat_four_crosses
D:2:      layout_basic
D:3:      layout_basic, first_ration, hex_tiny, uniq_terence, uniq_jessica,
          uniq_robin, uniq_grinder

Skill      XL: |  1  2  3  4 |
---------------+-------------+-----
Fighting       | 4 |  4.4
Armour         | 4 |  4.4
Maces & Flails | 3 |  3.3
Shields        | 4 |  4.4

Action                   |  1- 3 |  4- 6 || total
-------------------------+-------+-------++-------
Melee: Flail             |   175 |    59 ||   234
       Whip              |       |    53 ||    53
  Use: Potion            |       |     1 ||     1
  Eat: Chunk             |     3 |     4 ||     7
Armor: Scale mail        |    97 |    42 ||   139
Dodge: Dodged            |    71 |    23 ||    94
Block: Kite shield       |    93 |    39 ||   132
